 Dungeon Crawl Stone Soup version 0.19.4 (console) character file.

40912 Kloppie the Severer (level 13, -4/119 HPs)
             Began as a Minotaur Fighter on Feb 4, 2017.
             Was a High Priest of the Shining One.
             Slain by an elephant (13 damage)
             ... on level 6 of the Lair of Beasts.
             The game lasted 00:22:40 (16101 turns).

Kloppie the Severer (Minotaur Fighter)             Turns: 16101, Time: 00:22:40

Health: -4/119     AC: 15    Str: 25    XL:     13   Next: 77%
Magic:  12/12      EV: 15    Int:  5    God:    the Shining One [*****.]
Gold:   890        SH: 13    Dex: 16    Spells: 0 memorised, 12 levels left

rFire  + . .     SeeInvis .     a - +2 war axe (flame)
rCold  . . .     Gourm    .     p - +0 scale mail
rNeg   + + .     Faith    .     c - +0 shield
rPois  +         Spirit   .     (helmet restricted)
rElec  .         Reflect  .     (no cloak)
rCorr  .         Harm     .     N - +1 pair of gloves
MR     .....                    B - +2 pair of boots
Stlth  ..........               (no amulet)
                                h - ring of protection from fire
                                M - ring of poison resistance

@: mighty, lethally poisoned (-4 -> -5), glowing
A: retaliatory headbutt, horns 2
a: Divine Shield, Cleansing Flame, Summon Divine Warrior, Renounce Religion


You were on level 6 of the Lair of Beasts.
You worshipped the Shining One.
The Shining One was extremely pleased with you.
You were not hungry.

You visited 3 branches of the dungeon, and saw 18 of its levels.
You also visited: Ossuary.

You collected 1143 gold pieces.
You spent 253 gold pieces at shops.

Inventory:

Hand Weapons
 a - a +2 war axe of flaming (weapon)
 b - a +4 flail of protection
 H - the +6 war axe of Moah {venom, rF- Int+5 Dex+9}
   (You found it on level 7 of the Dungeon)

   It poisons the flesh of those it strikes.
   It affects your intelligence (+5).
   It affects your dexterity (+9).
   It makes you vulnerable to fire.
   The Shining One disapproves of the use of such an item.
Armour
 c - a +0 shield (worn)
 p - a +0 scale mail (worn)
 B - a +2 pair of boots (worn)
 N - a +1 pair of gloves (worn)
Jewellery
 h - a ring of protection from fire (right hand)
 v - an uncursed ring of protection from cold
 M - a ring of poison resistance (left hand)
Wands
 g - a wand of polymorph (3/24)
 i - a wand of disintegration (11/24)
 k - a wand of teleportation (2/9)
Scrolls
 e - 12 scrolls of remove curse
 j - 2 scrolls of fear
 l - 4 scrolls of fog
 q - 3 scrolls of recharging
 s - 2 scrolls of blinking
 w - a scroll of summoning
 y - 2 scrolls of noise
 C - 6 scrolls of magic mapping
 E - 11 scrolls of teleportation
 F - 15 scrolls of identify
 G - a scroll of amnesia
Potions
 m - a potion of ambrosia
 n - 9 potions of flight
 t - 2 potions of agility
 x - 3 potions of brilliance
 A - a potion of cancellation
 I - 4 potions of curing
Books
 d - a book of Beasts

   Spells                             Type                      Level
   a - Summon Butterflies             Summoning                    1
   b - Call Canine Familiar           Summoning                    3
   c - Summon Ice Beast               Ice/Summoning                4
   d - Summon Mana Viper              Hexes/Summoning              5
   e - Summon Hydra                   Summoning                    7
Miscellaneous
 J - a box of beasts
Comestibles
 f - 9 bread rations
 o - 17 chunks of flesh
 r - 16 royal jellies
 u - a slice of pizza
 z - 20 fruits
 D - 5 meat rations
 K - a beef jerky


   Skills:
 - Level 12.6 Fighting
 + Level 15.9 Axes
 - Level 13.4 Armour
 - Level 8.5 Dodging
 * Level 12.4 Shields


You had 12 spell levels left.
You didn't know any spells.

Dungeon Overview and Level Annotations

Branches:
Dungeon (11/15)            Temple (1/1) D:5            Lair (6/6) D:11
  Swamp (0/4) Lair:2        Snake (0/4) Lair:2
  Slime: Lair:5-6       Orc: D:9-12

Altars:
Ashenzari
Cheibriados
Dithmenos
Elyvilon
Fedhas
Gozag
Hepliaklqana
Kikubaaqudgha
Makhleb
Nemelex Xobeh
Okawaru
Qazlal
Ru
Sif Muna
Trog
Uskayaw
Vehumet
Xom
Yredelemnul
Zin
The Shining One

Shops:
D:8 }?**(   D:10 =

Annotations:
D:4 exclusion: statue
Lair:2 Kloppie's ghost, journeyman MiFi; flsc's ghost, novice MiFi
Lair:4 exclusion: oklob plant


Innate Abilities, Weirdness & Mutations

You reflexively headbutt those who attack you in melee.
You have a pair of horns on your head.


Message History

The elephant trunk-slaps you but does no damage.
You hit the elephant but do no damage.
The elephant is almost dead.
You slash the elephant! You burn the elephant. You hit the elephant.
You burn the elephant. You block the elephant's attack.
The elephant trunk-slaps you but does no damage.
You block the elephant's attack. x2
You slice the elephant!! You burn the elephant.
The elephant is almost dead.
You hit the elephant. You burn the elephant. You hit the elephant.
You burn the elephant.
You feel sick. You block the elephant's attack. The elephant barely misses you.
The elephant misses you.
The elephant trunk-slaps you but does no damage.
You slash the elephant! You burn the elephant.
You kill the elephant!
You slash the elephant! You burn the elephant. You hit the elephant.
You burn the elephant. The elephant tramples you!
* * * LOW HITPOINT WARNING * * *
You hold your ground!
The elephant misses you. The elephant tramples you!
You die...

#...# .....P ....##
.......... ..<.#
..PP#....# #...
..P##.... ##.(#
...##.... #P.(###
.....#..# #P....# ##
.....#..###..(..####..#.
.....##...P.....@.......
.....(....(.((.YY†......
.........(...†..."....$.
...P#.P#P##..)..........
.....######....#........
....## ##.....######.
....# ....P#.. .....
#.....#.... ...#..
#....##P...


You could see 2 elephants.

Vanquished Creatures
  Kirke (Lair:5)
  Nessos (Lair:6)
  4 hydras
  An unseen horror (D:11)
  A lindwurm (Lair:6)
  A hill giant (D:11)
  Pikel (D:5)
  A cyclops (D:11)
  16 elephants
  Maurice (D:10)
  Psyche (D:8)
  5 black mambas
  A gargoyle (D:11)
  Joseph (D:9)
  12 spiny frogs
  8 komodo dragons
  2 trolls
  A queen bee (Lair:2)
  A two-headed ogre (D:9)
  2 tyrant leeches (Lair:2)
  A hornet (Lair:3)
  2 polar bears
  4 blink frogs (Lair:3)
  12 dream sheep
  5 hippogriffs
  Sigmund (D:5)
  7 yaks
  3 basilisks
  A spriggan (D:9)
  4 hogs (Lair:5)
  2 hungry ghosts
  Grum (D:9)
  3 wargs (D:11)
  11 water moccasins
  A soldier ant (D:11)
  Edmund (D:5)
  7 porcupines
  4 black bears
  A necrophage (D:8)
  5 orc warriors
  2 sky beasts (D:9)
  2 phantoms
  5 ice beasts
  4 centaurs
  7 ogres
  6 wolves
  7 crocodiles
  A big kobold (D:10)
  11 bullfrogs
  5 scorpions
  A water moccasin skeleton (D:4)
  31 killer bees
  4 wights (D:6)
  A centaur zombie (D:9)
  5 howler monkeys
  11 crimson imps
  A bullfrog zombie (D:11)
  A bullfrog skeleton (D:6)
  3 jellies
  3 hounds
  8 orc priests
  15 orc wizards
  4 centaur skeletons
  Terence (D:2)
  Jessica (D:2)
  5 iguanas
  9 worker ants
  A big kobold zombie (Ossuary)
  3 hound zombies
  A hound skeleton (D:9)
  4 mummies (Ossuary)
  A worker ant zombie (D:5)
  Robin (D:2)
  7 gnolls
  A howler monkey skeleton (D:4)
  9 adders
  An ooze (D:1)
  3 adder zombies (Ossuary)
  3 adder skeletons
  A dart slug (D:3)
  2 leopard geckos
  48 orcs
  A ball python (D:1)
  8 giant cockroaches
  2 gnoll zombies (Ossuary)
  8 goblins
  10 hobgoblins
  13 jackals
  A quokka (D:3)
  4 bats
  4 frilled lizards
  2 hobgoblin zombies (Ossuary)
  A jackal skeleton (D:7)
  9 kobolds
  A kobold zombie (Ossuary)
  2 leopard gecko skeletons
  A quokka skeleton (D:9)
  3 rats
  2 rat zombies (Ossuary)
  A butterfly (Lair:2)
  3 plants
454 creatures vanquished.

Vanquished Creatures (collateral kills)
  An elephant (Lair:5)
  A polar bear (Lair:5)
2 creatures vanquished.

Vanquished Creatures (others)
  A crimson imp (D:5)
  A shadow imp (D:5)
  A frilled lizard (D:5)
  A leopard gecko skeleton (D:5)
  8 fungi
  A plant (Lair:4)
13 creatures vanquished.

Grand Total: 469 creatures vanquished

Notes
Turn   | Place    | Note
-------+----------+-------------------------------------------
     0 | D:1      | Kloppie the Minotaur Fighter began the quest for the Orb.
     0 | D:1      | Reached XP level 1. HP: 19/19 MP: 0/0
   100 | D:1      | Reached XP level 2. HP: 24/27 MP: 1/1
   224 | D:1      | Reached skill level 3 in Axes
   841 | D:2      | Noticed Robin
   842 | D:2      | Reached XP level 3. HP: 34/34 MP: 2/2
   859 | D:2      | Killed Robin
   859 | D:2      | Reached skill level 5 in Fighting
   884 | D:2      | Noticed Jessica
   887 | D:2      | Killed Jessica
   887 | D:2      | Reached XP level 4. HP: 26/42 MP: 3/3
   930 | D:2      | Found a deep blue altar of Sif Muna.
  1146 | D:2      | Reached skill level 4 in Axes
  1171 | D:2      | Noticed Terence
  1175 | D:2      | Killed Terence
  1244 | D:2      | Reached XP level 5. HP: 50/50 MP: 4/4
  2000 | D:3      | Gained mutation: You are frail. (-10% HP) [potion of mutation]
  2000 | D:3      | Gained mutation: You are somewhat resistant to further mutation. [potion of mutation]
  2001 | D:3      | Gained mutation: You are very frail. (-20% HP) [potion of mutation]
  2138 | D:4      | Reached XP level 6. HP: 29/48 MP: 5/5
  2166 | D:4      | Reached skill level 5 in Axes
  2256 | D:4      | Reached skill level 1 in Dodging
  2466 | D:4      | Found a radiant altar of Vehumet.
  2582 | D:4      | Reached XP level 7. HP: 52/52 MP: 6/6
  2670 | D:5      | Entered Level 5 of the Dungeon
  2703 | D:5      | Reached skill level 6 in Axes
  2863 | D:5      | Reached skill level 5 in Dodging
  3168 | D:5      | Noticed Sigmund
  3170 | D:5      | Noticed Edmund
  3172 | D:5      | Noticed Pikel
  3182 | D:5      | Killed Edmund
  3189 | D:5      | Killed Sigmund
  3189 | D:5      | Reached skill level 7 in Axes
  3189 | D:5      | Reached XP level 8. HP: 46/58 MP: 7/7
  3192 | D:5      | Killed Pikel
  3192 | D:5      | Reached skill level 8 in Axes
  3200 | D:5      | Gained mutation: Your system is resistant to poisons. (rPois) [potion of mutation]
  3434 | D:5      | Found a staircase to the Ecumenical Temple.
  3443 | Temple   | Entered the Ecumenical Temple
  3643 | Temple   | Became a worshipper of the Shining One
  3797 | D:5      | Found a stormy altar of Qazlal.
  4200 | D:6      | Reached XP level 9. HP: 63/63 MP: 8/8
  4245 | D:6      | Reached skill level 5 in Armour
  4356 | D:6      | Reached skill level 9 in Axes
  4509 | D:6      | Found a sand-covered staircase.
  4514 | Ossuary  | Entered an ossuary
  4514 | Ossuary  | Reached * piety under the Shining One
  4622 | Ossuary  | Gained mutation: You expend magic power (3 MP) to strengthen your wands. [potion of mutation]
  4674 | Ossuary  | Reached ** piety under the Shining One
  5330 | D:7      | Got a shimmering war axe
  5332 | D:7      | Identified the +6 war axe of Moah {venom, rF- Int+5 Dex+9} (You found it on level 7 of the Dungeon)
  5380 | D:7      | Found a hazy altar of Hepliaklqana.
  5498 | D:7      | Found an iron altar of Okawaru.
  5674 | D:7      | Reached skill level 10 in Axes
  5943 | D:8      | Noticed Psyche
  5946 | D:8      | Reached skill level 5 in Shields
  5947 | D:8      | Killed Psyche
  5947 | D:8      | Reached XP level 10. HP: 68/68 MP: 9/9
  6073 | D:8      | Reached *** piety under the Shining One
  6074 | D:8      | Found Niom Ibb's Gadget Boutique.
  6104 | D:8      | Found Fyowoa's Assorted Antiques.
  6114 | D:8      | Bought 2 scrolls labeled CIPNIMOE URITH for 54 gold pieces
  6114 | D:8      | Bought a scroll of identify for 54 gold pieces
  6114 | D:8      | Bought a scroll of identify for 54 gold pieces
  6136 | D:8      | Found Betesonk's General Store.
  6142 | D:8      | Found Jopaple's Weapon Emporium.
  6291 | D:8      | Found Buahurime's Magic Scroll Emporium.
  6839 | D:9      | Noticed Joseph
  6849 | D:9      | Killed Joseph
  6870 | D:9      | Reached skill level 11 in Axes
  7413 | D:9      | Found a basalt altar of Yredelemnul.
  7747 | D:9      | Noticed Grum
  7758 | D:9      | Killed Grum
  8046 | D:9      | Reached skill level 10 in Shields
  8077 | D:10     | Entered Level 10 of the Dungeon
  8401 | D:10     | Reached XP level 11. HP: 49/73 MP: 10/10
  8778 | D:10     | Reached skill level 12 in Axes
  8798 | D:10     | Reached **** piety under the Shining One
  8892 | D:10     | Noticed Maurice
  8900 | D:10     | Paralysed by Maurice for 6 turns
  8914 | D:10     | Killed Maurice
  9114 | D:10     | Found Ykoky's Jewellery Shoppe.
  9122 | D:10     | Bought a cursed ring of teleportation for 63 gold pieces
  9122 | D:10     | Bought a cursed -2 ring of slaying for 28 gold pieces
  9282 | D:10     | Noticed a white ugly thing
  9285 | D:11     | Noticed an unseen horror
  9296 | D:11     | Killed an unseen horror
  9343 | D:11     | Reached skill level 10 in Armour
  9621 | D:11     | Found a staircase to the Lair.
  9758 | D:11     | Noticed a hill giant
  9763 | D:11     | Killed a hill giant
 10320 | Lair:1   | Entered Level 1 of the Lair of Beasts
 10514 | Lair:1   | Reached skill level 13 in Axes
 10989 | Lair:1   | Lost mutation: Your system is resistant to poisons. (rPois) [potion of cure mutation]
 10989 | Lair:1   | Lost mutation: You are very frail. (-20% HP) [potion of cure mutation]
 10989 | Lair:1   | Lost mutation: You expend magic power (3 MP) to strengthen your wands. [potion of cure mutation]
 10989 | Lair:1   | Lost mutation: You are somewhat resistant to further mutation. [potion of cure mutation]
 10989 | Lair:1   | Lost mutation: You are frail. (-10% HP) [potion of cure mutation]
 11156 | Lair:2   | Noticed flsc's ghost (novice MiFi)
 11475 | Lair:2   | Reached XP level 12. HP: 43/100 MP: 11/11
 11817 | Lair:2   | Reached ***** piety under the Shining One
 11839 | Lair:2   | Found a staircase to the Swamp.
 11857 | Lair:2   | Found a staircase to the Snake Pit.
 12342 | Lair:2   | Noticed Kloppie's ghost (journeyman MiFi)
 13139 | Lair:3   | Reached skill level 14 in Axes
 13583 | Lair:3   | Reached skill level 10 in Fighting
 14106 | Lair:4   | Noticed a six-headed hydra
 14122 | Lair:4   | Killed a one-headed hydra
 14458 | Lair:4   | Noticed a five-headed hydra
 14461 | Lair:4   | Reached XP level 13. HP: 102/116 MP: 12/12
 14865 | Lair:4   | Reached skill level 15 in Axes
 15856 | Lair:6   | Entered Level 6 of the Lair of Beasts
 15864 | Lair:6   | Noticed Kirke
 15983 | Lair:5   | Killed Kirke
 16047 | Lair:6   | Identified a scroll of acquirement
 16059 | Lair:6   | Noticed Nessos
 16085 | Lair:6   | Killed Nessos
 16101 | Lair:6   | Slain by an elephant

Skill      XL: |  1  2  3  4  5  6  7  8  9 10 11 12 13 |
---------------+----------------------------------------+-----
Fighting       | 4 5 7 11 12 | 12.6
Axes           | 3 4 5 7 8 10 11 13 14 15 | 15.9
Dodging        | 3 6 8 |  8.5
Armour         | 4 8 12 13 | 13.4
Shields        | 5 10 12 | 12.4

Action                   |  1- 3 |  4- 6 |  7- 9 | 10-12 | 13-15 || total
-------------------------+-------+-------+-------+-------+-------++-------
Melee: War axe           |    77 |   103 |   232 |   706 |   157 ||  1275
       Headbutt          |    11 |    18 |    52 |   148 |    49 ||   278
  Use: Scroll            |       |    11 |     4 |     7 |     3 ||    25
       Potion            |       |    10 |     6 |    16 |     3 ||    35
 Stab: Distracted        |     1 |       |       |       |       ||     1
  Eat: Chunk             |       |     5 |    11 |    32 |     3 ||    51
       Royal jelly       |       |       |       |     2 |       ||     2
       Bread ration      |       |       |       |       |     1 ||     1
Armor: Scale mail        |    48 |    45 |    70 |   142 |    58 ||   363
Dodge: Dodged            |    28 |    17 |   136 |   313 |    97 ||   591
Block: Shield            |    31 |    56 |   123 |   410 |   100 ||   720
